 Dungeon Crawl Stone Soup version 0.30-a0-1053-gbd8d5ba0ad (webtiles) character file.

Game seed: 7720062046343755414

530775 cheesebisquit the Hoplite (level 24, -1/232 (233) HPs)
             Began as an Armataur Fighter on Apr 10, 2023.
             Was a High Priest of Qazlal.
             Killed from afar by a storm dragon (11 damage)
             ... with a bolt of lightning
             ... on level 3 of the Realm of Zot on Apr 11, 2023.
             The game lasted 05:55:37 (95385 turns).

cheesebisquit the Hoplite (Armataur Fighter)       Turns: 95385, Time: 05:55:37

HP:   -1/232 (233)  AC: 43    Str: 37    XL:     24   Next: 41%
MP:   31/31         EV:  8    Int: 17    God:    Qazlal [*****.]
Gold: 73            SH: 32    Dex: 16    Spells: 31/33 levels left

rFire   + . .      SeeInvis .    o - +9 eveningstar (protect)
rCold   + + .      Faith    .    i - +2 tower shield {reflect}
rNeg    + + .      Spirit   .    h - +0 gold dragon scales of the Robin {rPois rF+ rC+ rN+ Will++ Dex+2 Stlth+}
rPois   +          Reflect  +    Z - +2 helmet {Int+3}
rElec   +          Roll     +    S - +2 cloak {rCorr}
rCorr   +                        p - +2 pair of gloves {Dex+3}
Will    +++++                    b - +3 barding "Rochum" {rPois rC+ Int+2} Stlth
                                 C - amulet of regeneration
HPRegen 1.38/turn                j - ring of Fianged {*Slow rPois rN+ Will+++ Int+2}
MPRegen 0.22/turn                q - ring of the King {Fly rElec Str+6}

@: protected from electricity, flying, studying 2 skills, lightly drained,
invisible, repel missiles
A: large, rugged brown scales 3, deformed body, armoured tail, roll, long
tongue, awkward tongue, low MP 1
}: 3/15 runes: serpentine, barnacled, silver
a: Renounce Religion, Upheaval, Elemental Force, Disaster Area


You were on level 3 of the Realm of Zot.
You worshipped Qazlal.
Qazlal was extremely pleased with you.
You visited 10 branches of the dungeon, and saw 47 of its levels.
You also visited: Wizlab.

You collected 6565 gold pieces.
You spent 6492 gold pieces at shops.

Inventory:

Hand Weapons
 o - a +9 eveningstar of protection (weapon)
 J - a +5 sling of flaming
Missiles
 c - 13 atropa-tipped darts
 E - 24 poisoned darts (quivered)
 G - a throwing net
 I - 11 curare-tipped darts
Armour
 b - the +3 barding "Rochum" (worn) {rPois rC+ Int+2}
   (You acquired it on level 12 of the Dungeon)

   Int:       It affects your intelligence (+2).
   rC:        It protects you from cold.
   rPois:     It protects you from poison.
 h - the +0 gold dragon scales of the Robin (worn) {rPois rF+ rC+ rN+ Will++ Dex+2 Stlth+}
   (You bought it in a shop on level 4 of the Shoals)

   Dex:       It affects your dexterity (+2).
   rF:        It protects you from fire.
   rC:        It protects you from cold.
   rPois:     It protects you from poison.
   rN:        It protects you from negative energy.
   Will:      It greatly increases your willpower.
   Stlth:     It makes you more stealthy.
 i - a +2 tower shield of reflection (worn)
 p - a +2 pair of gloves of dexterity (worn)
 K - a +2 pair of gloves of infusion
 S - a +2 cloak of preservation (worn)
 Z - a +2 helmet of intelligence (worn)
Jewellery
 j - the ring of Fianged (left hand) {*Slow rPois rN+ Will+++ Int+2}
   (You found it on level 1 of the Snake Pit)

   [ring of poison resistance]

   Int:       It affects your intelligence (+2).
   rPois:     It protects you from poison.
   rN:        It protects you from negative energy.
   *Slow:     It may slow you when you take damage.
   Will:      It greatly increases your willpower.
 q - the ring of the King (right hand) {Fly rElec Str+6}
   (You took it off an ironbound preserver on level 5 of the Vaults)

   [ring of strength]

   Str:       It affects your strength (+6).
   rElec:     It insulates you from electricity.
   Fly:       It grants you flight.
 t - an amulet of faith
 v - the ring of Doubts {*Corrode rN+ Str+3 Int+2 Dex+6}
   (You found it on level 6 of the Dungeon)

   [ring of dexterity]

   Str:       It affects your strength (+3).
   Int:       It affects your intelligence (+2).
   Dex:       It affects your dexterity (+6).
   rN:        It protects you from negative energy.
   *Corrode:  It may corrode you when you take damage.
 C - an amulet of regeneration (around neck)
 H - the ring of Salvation {rCorr Int+2 SInv}
   (You took it off a naga on level 4 of the Snake Pit)

   [ring of see invisible]

   Int:       It affects your intelligence (+2).
   SInv:      It lets you see invisible.
   rCorr:     It protects you from acid and corrosion.
 P - a ring of flight
Wands
 d - a wand of digging (8)
 y - a wand of polymorph (14)
 z - a wand of acid (18)
 O - a wand of mindburst (26)
 V - a wand of roots (12)
 X - a wand of paralysis (23)
 Y - a wand of flame (65)
Scrolls
 f - 5 scrolls of fear
 g - 3 scrolls of poison
 k - a scroll of enchant weapon
 r - 6 scrolls of magic mapping
 u - 3 scrolls of silence
 x - 3 scrolls of butterflies
 B - 15 scrolls of teleportation
 F - 5 scrolls of amnesia
 L - 15 scrolls of fog
 M - 6 scrolls of immolation
Potions
 a - 6 potions of cancellation
 l - 6 potions of lignification
 m - 16 potions of brilliance
 n - 15 potions of curing
 w - 3 potions of resistance
 A - 12 potions of mutation
 N - 3 potions of flight
 R - a potion of magic
 T - 3 potions of berserk rage
 U - 2 potions of ambrosia


   Skills:
 + Level 18.6 Fighting
 + Level 19.6 Maces & Flails
 + Level 9.4 Throwing
 + Level 21.0 Armour
 + Level 11.4 Dodging
 + Level 21.3 Shields
 - Level 5.4 Spellcasting
 - Level 8.0 Transmutations
 - Level 8.0 Earth Magic
 + Level 15.8 Invocations


You had 31 spell levels left.
You knew the following spells:

 Your Spells              Type           Power      Damage    Failure   Level
a - Passwall              Tmut/Erth      25%        N/A       8%          2

Your spell library contained the following spells:

 Spells                   Type           Power      Damage    Failure   Level
 Beastly Appendage        Tmut           62%        N/A       4%          1
 Sandblast                Erth           62%        2d14      4%          1
 Wereblood                Tmut           31%        N/A       8%          2
 Stone Arrow              Conj/Erth      36%        3d9       61%         3
 Apportation              Tloc           8%         N/A       80%         1
 Freeze                   Ice            16%        1d4       80%         1
 Kiss of Death            Conj/Necr      16%        2d6       80%         1
 Magic Dart               Conj           16%        1d3       80%         1
 Necrotise                Necr           16%        1d4       80%         1
 Slow                     Hex            16%        N/A       80%         1
 Summon Small Mammal      Summ           16%        N/A       80%         1
 Ignite Poison            Fire/Tmut/Pois 13%        N/A       80%         3
 Blade Hands              Tmut           15%        N/A       80%         5
 Call Imp                 Summ           8%         N/A       90%         2
 Cigotuvi's Dreadful Rot  Necr/Pois/Air  8%         N/A       90%         2
 Lesser Beckoning         Tloc           8%         N/A       90%         2
 Poisonous Vapours        Pois/Air       8%         N/A       90%         2
 Scorch                   Fire           8%         2d5       90%         2
 Static Discharge         Conj/Air       8%         2-3/arc   90%         2
 Sublimation of Blood     Necr           4%         N/A       90%         2
 Animate Armour           Summ/Erth      36%        N/A       95%         4
 Ice Form                 Ice/Tmut       18%        N/A       95%         4
 Call Canine Familiar     Summ           4%         N/A       99%         3
 Confusing Touch          Hex            4%         N/A       99%         3
 Dazzling Flash           Conj/Hex       8%         N/A       99%         3
 Frozen Ramparts          Ice            8%         1d2       99%         3
 Gell's Gravitas          Tloc           4%         N/A       99%         3
 Hailstorm                Conj/Ice       4%         3d4       99%         3
 Inner Flame              Hex/Fire       4%         N/A       99%         3
 Mephitic Cloud           Conj/Pois/Air  4%         N/A       99%         3
 Summon Guardian Golem    Hex/Summ       4%         N/A       99%         3
 Teleport Other           Tloc           4%         N/A       99%         3
 Vampiric Draining        Necr           4%         2d6       99%         3
 Volatile Blastmotes      Fire/Tloc      8%         2d10      99%         3
 Airstrike                Air            2%         2d(1-17)  100%        4
 Anguish                  Hex/Necr       2%         N/A       100%        4
 Animate Dead             Necr           4%         N/A       100%        4
 Dispel Undead            Necr           4%         3d7       100%        4
 Flame Wave               Conj/Fire      4%         2d5       100%        4
 Iskenderun's Mystic Bla  Conj/Tloc      4%         2d3       100%        4
 Manifold Assault         Tloc           4%         N/A       100%        4
 Olgreb's Toxic Radiance  Pois           4%         N/A       100%        4
 Sticky Flame             Conj/Fire      4%         2d3       100%        4
 Summon Ice Beast         Ice/Summ       4%         N/A       100%        4
 Summon Lightning Spire   Summ/Air       4%         N/A       100%        4
 Agony                    Necr           4%         N/A       100%        5
 Alistair's Intoxication  Tmut/Pois      12%        N/A       100%        5
 Borgnjor's Vile Clutch   Necr/Erth      9%         N/A       100%        5
 Fireball                 Conj/Fire      2%         3d4       100%        5
 Freezing Cloud           Conj/Ice/Air   2%         6-21      100%        5
 Irradiate                Conj/Tmut      9%         3d14      100%        5
 Iskenderun's Battlesphe  Conj           4%         2d6       100%        5
 Silence                  Hex/Air        2%         N/A       100%        5
 Summon Forest            Summ/Tloc      2%         N/A       100%        5
 Summon Mana Viper        Hex/Summ       4%         N/A       100%        5
 Yara's Violent Unravell  Hex/Tmut       9%         3d6       100%        5
 Conjure Ball Lightning   Conj/Air       2%         3x3d6     100%        6
 Dispersal                Tloc           2%         N/A       100%        6
 Eringya's Noxious Bog    Tmut/Pois      9%         N/A       100%        6
 Iron Shot                Conj/Erth      9%         9d3       100%        6
 Simulacrum               Ice/Necr       2%         N/A       100%        6
 Starburst                Conj/Fire      2%         6d3       100%        6
 Summon Cactus Giant      Summ           2%         N/A       100%        6
 Dragon Form              Tmut           15%        N/A       100%        7
 Enfeeble                 Hex            2%         N/A       100%        7
 Haunt                    Necr/Summ      2%         N/A       100%        7
 Monstrous Menagerie      Summ           2%         N/A       100%        7
 Orb of Destruction       Conj           2%         9d5       100%        7
 Spellforged Servitor     Conj/Summ      2%         N/A       100%        7
 Summon Hydra             Summ           2%         N/A       100%        7
 Discord                  Hex            2%         N/A       100%        8
 Disjunction              Tloc           2%         N/A       100%        8
 Ignition                 Fire           2%         3d3       100%        8
 Infestation              Necr           2%         N/A       100%        8
 Chain Lightning          Conj/Air       2%         3d2       100%        9
 Fire Storm               Conj/Fire      2%         8d1       100%        9
 Shatter                  Erth           15%        3d15*     100%        9


Dungeon Overview and Level Annotations

Branches:
Dungeon (15/15)            Temple (1/1) D:4            Lair (5/5) D:11
 Shoals (4/4) Lair:2        Snake (4/4) Lair:2        Slime (0/5) Lair:5
    Orc (2/2) D:9             Elf (3/3) Orc:2        Vaults (5/5) D:13
  Crypt (0/3) Vaults:3     Depths (4/4) D:15            Zot (4/5) Depths:4
 WizLab (visited)

Altars:
Ashenzari
Cheibriados
Dithmenos
Elyvilon
Fedhas
Gozag
Hepliaklqana
Kikubaaqudgha
Makhleb
Nemelex Xobeh
Okawaru
Qazlal
Ru
Sif Muna
Trog
Uskayaw
Vehumet
Wu Jian
Xom
Yredelemnul
Zin
The Shining One
Jiyva

Shops:
D:1 [(*   D:6 *   D:9 ([   D:11 :   D:14 [*   Orc:2 ?[*!   Elf:3 *   Shoals:4 [
Snake:2 (:?   Snake:4 **   Vaults:1 *   Vaults:2 (   Depths:2 (

Portals:
Hell: Depths:1 Depths:2 Depths:3 Depths:4
Abyss: Depths:3
Pandemonium: Depths:1 Depths:2 Depths:3
Ziggurat: Depths:3
Trove: D:14 (give +3 storm dragon scales)

Annotations:
Zot:2 2 transporters
Zot:3 exclusion: 3 lightning spires


Innate Abilities, Weirdness & Mutations

You are completely covered in rugged brown scales. (AC +3, +7% HP)
Armour fits poorly on your strangely shaped body.
You have a long armoured tail.
You roll when moving toward enemies. (Rampage)
Your long tongue fully drains potion bottles. (2x potion effects)
Your tongue gives you trouble enunciating. (1.5x scroll delay)
Your magical capacity is low. (-10% MP)


Message History

You block the storm dragon's attack. x3
The white draconian stormcaller calls down the wrath of Qazlal upon you.
The cutting wind hits you!!!
* * * LOW HITPOINT WARNING * * *
The cutting wind hits the storm dragon!!
The cutting wind hits the death drake!!!
The death drake is engulfed in freezing vapours.
The death drake hisses angrily.
You feel yourself speed up.
The wind drake hisses angrily.
The storm dragon is no longer berserk.
The storm dragon barely misses you. You block the storm dragon's attack.
The storm dragon tramples you but does no damage.
The storm dragon breathes lightning at you.
The bolt of lightning hits you! You resist.
Your resistance to physical damage fades away.
You feel protected from electricity.
* * * LOW HITPOINT WARNING * * *
The wind drake hisses angrily.
You hear a roar!
Okay, then.
Throw: 24 darts (poison)
Press: ? - help, Q - select action, (/) - cycle Shift-Dir - straight line, f - death drake
Aim: a death drake (almost dead, summoned, unable to see you, 62% to hit)
Okay, then.
As you slowly read the scroll of fear, it crumbles to dust.
You assume a fearsome visage.
The wind drake looks frightened!
The death drake resists with some effort.
The moth of wrath looks frightened!
The storm dragon resists with almost no effort.
The white draconian stormcaller looks frightened!
The black draconian looks frightened!
The yellow draconian looks frightened!
The purple draconian looks frightened!
The death drake looks frightened!
The death drake is engulfed in a thunderstorm.
You kill the death drake!
The death drake's corpse disappears in a puff of smoke!
The death drake is engulfed in freezing vapours.
The death drake seems to slow down.
The storm dragon breathes lightning at you.
The bolt of lightning hits you! You resist.
You die...

*,,,,,,,,,,,,***,,,,,,* **,,
*~~****************#..# *,,,
~~~~~~~~~~~~~*~~~~~#..# *,.,
*~~****~~~~~~*~~~~~#..# **..,
*,,,,,*~~~~~~*~~~~~#..#######...,
*,,,,,*~~****#######......)......
**,,,,*~~*,,,#.○....k.d..........
~*,,,,*~~*,,,#..°§°.q............
~*,,,,*~~*,,,#.°@Dk(.ydd.........
~*,,,,*~~*,,,#.##########........
~*,,,,*~~*,,,#** #......).
~*,,,,*~~*,,,* #........
~*,,,,*~~*,,,* #........
~*,,,,*~~*,,,* ##○.......
**~,,,*~~*,,,* #°...q....
*~~,,,*~~*,,,*********##°.kD.kk?.
~~*,,,*~~*,,,,,*,,,,,#.....°.....


You could see a storm dragon (unable to see you, slow, catching breath), a black
draconian (unable to see you, fleeing), a yellow draconian (unable to see you,
fleeing), a purple draconian (unable to see you, fleeing), a white draconian
stormcaller (unable to see you, fleeing), a death drake (summoned, unable to see
you, fleeing, slow), a wind drake (summoned, repels missiles, unable to see you,
fleeing) and a moth of wrath (unable to see you, fleeing).

Vanquished Creatures
  A dread lich (Vaults:5)
  Mara (Shoals:4)
  Sojobo (Vaults:4)
  Margery (Vaults:4)
  Vashnia (Snake:3)
  Jory (Vaults:4)
  4 golden dragons
  A bone dragon (Depths:4)
  An electric golem (Zot:1)
  Mlioglotl (Shoals:4)
  Rupert (D:15)
  4 liches
  3 deep elf blademasters
  9 tentacled monstrosities
  A quicksilver dragon (Vaults:5)
  A walking earthen tome (Depths:4)
  3 titans (Vaults:4)
  2 krakens
  2 deep elf master archers (Elf:3)
  3 death cobs
  4 sphinxes
  Kirke (D:12)
  Gastronok (Lair:1)
  A shadow dragon (Vaults:5)
  Agnes (Snake:2)
  6 tengu reavers
  The ghost of Ceuduph the Tortoise, an adept AtWn of Uskayaw (Shoals:2)
  2 draconian monks (Zot:1)
  Ilsuiw (Shoals:3)
  5 storm dragons
  10 nagarajas (Snake:4)
  2 draconian knights
  An iron dragon (Vaults:5)
  7 fire giants
  13 vault wardens
  12 frost giants
  Louise (Snake:1)
  Aizul (Snake:1)
  5 deep elf sorcerers
  4 draconian shifters
  3 draconian scorchers
  6 deep elf elementalists
  17 very ugly things
  2 draconian stormcallers (Zot:1)
  An orc warlord (Vaults:1)
  4 war gargoyles
  8 stone giants
  2 reapers (WizLab)
  13 ironbound preservers
  2 draconian annihilators
  10 ironbound thunderhulks
  9 black draconians
  4 green draconians (Zot:1)
  7 deep elf annihilators
  A lorocyproca (WizLab)
  A vampire knight (Depths:2)
  7 deep elf demonologists
  4 spark wasps
  6 yellow draconians
  A dire elephant (D:11)
  8 purple draconians
  3 white draconians
  Azrael (Snake:2)
  A crystal guardian (Vaults:4)
  5 red draconians
  A green death (WizLab)
  2 blizzard demons (WizLab)
  10 yaktaur captains
  6 deep elf death magi
  2 merfolk javelineers (Shoals:4)
  8 merfolk impalers
  Fannar (Lair:1)
  2 entropy weavers
  9 fire dragons
  14 ettins
  4 rakshasas
  4 great orbs of eyes
  A quicksilver dragon skeleton (Depths:3)
  9 deep elf high priests
  2 death knights (Vaults:3)
  4 catoblepae
  3 hydras
  3 salamander tyrants (Snake:4)
  28 vault guards
  The ghost of frogmoss10 the Severer, a journeyman HOFi of Zin (Lair:2)
  9 centaur warriors
  4 ironbound frosthearts
  4 spriggan air magi
  Erica (D:9)
  6 merfolk avatars
  A peacekeeper (Vaults:4)
  4 ice dragons
  5 deep troll shamans
  8 merfolk aquamancers
  An alligator snapping turtle (Shoals:4)
  3 tengu warriors
  10 deep troll earth magi
  29 naga warriors
  14 two-headed ogres
  41 dancing weapons
  10 anacondas
  7 death yaks
  A satyr (Shoals:3)
  A vampire mage (Depths:1)
  35 naga sharpshooters
  5 boulder beetles
  12 shock serpents
  A shock serpent (shapeshifter) (Vaults:4)
  3 hell hogs (Depths:3)
  6 orc high priests
  4 spriggan berserkers
  A soul eater (WizLab)
  Nergalle (D:12)
  2 titan skeletons (Vaults:4)
  Urug (D:12)
  16 deep elf knights
  2 sun demons (WizLab)
  A spriggan (Depths:1)
  14 hell knights
  6 iron trolls
  15 skeletal warriors
  A shadow wraith (Vaults:3)
  A storm dragon skeleton (Vaults:4)
  4 salamander mystics (Snake:3)
  A sixfirhy (Zot:3)
  5 skysharks
  15 sea snakes
  A goliath frog (Lair:5)
  A glowing orange brain (Depths:4)
  6 naga ritualists
  A deep troll (shapeshifter) (Depths:4)
  A shadow demon (Depths:3)
  Pikel (D:3)
  42 deep trolls
  2 orb spiders (shapeshifter)
  A kraken simulacrum (Shoals:4)
  A flayed ghost (Depths:1)
  8 deep elf archers
  17 ironbound convokers
  11 necromancers
  26 harpies
  14 orc knights
  14 lindwurms
  8 phantasmal warriors
  24 deep elf zephyrmancers
  A sphinx zombie (Depths:3)
  9 wizards
  2 tengu skeletons
  30 deep elf pyromancers
  40 ugly things
  A cyclops (shapeshifter) (Vaults:5)
  4 fauns
  2 oklob plants
  A wolf spider (Vaults:5)
  3 orc sorcerers
  9 mana vipers
  6 moths of wrath
  11 manticores
  22 salamanders
  8 cyclopes
  Joseph (D:9)
  A rust devil (Depths:3)
  14 elephants
  3 smoke demons (WizLab)
  7 water nymphs
  A water nymph (shapeshifter) (D:15)
  15 guardian serpents
  19 vault sentinels
  2 centaur skeletons (D:13)
  A spriggan zombie (Depths:1)
  35 black mambas
  7 merfolk sirens
  23 naga magi
  3 gargoyles
  A storm dragon simulacrum (Depths:3)
  2 torpor snails (Lair:2)
  A kobold demonologist (D:9)
  16 cane toads
  An orange demon (Depths:3)
  2 unseen horrors
  2 rime drakes
  14 komodo dragons
  40 yaktaurs
  2 tengu conjurers (Depths:2)
  A yaktaur (shapeshifter) (D:15)
  3 yaktaur skeletons (Vaults:4)
  An efreet (D:14)
  A human skeleton (Vaults:4)
  3 meliai (D:15)
  A hellwing (Depths:3)
  A queen bee (shapeshifter) (D:13)
  Grinder (D:5)
  6 polar bears
  6 trolls
  A polar bear (shapeshifter) (D:15)
  A tyrant leech (Lair:5)
  2 hornets
  9 wind drakes
  30 merfolk
  A raiju (shapeshifter) (Vaults:5)
  A hornet (shapeshifter) (D:12)
  A shadow dragon simulacrum (Depths:3)
  13 dream sheep
  20 blink frogs
  An ettin zombie (Depths:1)
  8 snapping turtles
  2 dream sheep (shapeshifter)
  A spriggan (shapeshifter) (Vaults:5)
  13 slime creatures
  2 air elementals
  4 shadows
  9 water elementals
  42 yaks
  2 wraiths
  A centaur simulacrum (D:14)
  2 ynoxinuls (WizLab)
  6 fire elementals
  An elf skeleton (Vaults:4)
  A steam dragon (D:7)
  A basilisk (shapeshifter) (D:15)
  5 chaos spawn
  2 vampires
  3 basilisks
  4 hogs (D:12)
  2 wyverns
  A neqoxec (WizLab)
  A yaktaur simulacrum (Vaults:4)
  3 redbacks (Vaults:3)
  15 vampire mosquitoes
  2 wargs (Orc:2)
  53 nagas
  10 water moccasins
  An acid dragon (D:13)
  A swamp drake (Lair:2)
  A sky beast (D:7)
  2 black bears (D:6)
  2 hell hounds (Snake:2)
  47 orc warriors
  3 ettin simulacra (Depths:3)
  6 wolves (Lair:3)
  A centaur (shapeshifter) (Elf:3)
  11 ogres
  3 boggarts (Vaults:3)
  A centaur (D:11)
  A lemure (D:3)
  2 phantoms (D:4)
  8 kobold brigands
  Blork the orc (D:5)
  18 bullfrogs
  3 earth elementals
  2 scorpions
  2 gnoll sergeants
  8 wights
  9 killer bees
  A howler monkey (D:3)
  9 electric eels
  32 orc priests
  3 hounds
  2 jellies
  A gnoll bouda (D:8)
  11 iguanas
  A sleepcap (D:5)
  14 orc wizards
  2 boggart skeletons (D:13)
  A statue (D:4)
  A mummy (D:8)
  16 gnolls
  9 adders
  4 shadow imps
  3 white imps
  An ufetubus (D:7)
  A worm (D:2)
  A dart slug (D:3)
  88 orcs
  2 ball pythons
  9 endoplasms
  2 giant cockroaches
  8 goblins
  5 hobgoblins
  3 jackals (D:1)
  3 quokkas
  4 bats
  14 frilled lizards
  14 kobolds
  9 rats
  10 bushes
  2 butterflies (Lair:1)
  A tentacle (Shoals:3)
1933 creatures vanquished.

Vanquished Creatures (collateral kills)
  A vault guard (Vaults:3)
  An ironbound frostheart (Vaults:3)
  A wizard (Vaults:3)
3 creatures vanquished.

Vanquished Creatures (others)
  A Tzitzimitl (WizLab)
  An ogre mage (D:15)
  A rakshasa (Depths:2)
  A deep elf knight (Elf:3)
  A manticore (Shoals:2)
  A deep elf pyromancer (Elf:1)
  A raiju (Zot:3)
  A water elemental (Shoals:3)
  2 orc warriors (Vaults:5)
  2 iguanas (Lair:2)
  4 frilled lizards (Lair:2)
  20 fungi
  118 plants
  20 tentacles
174 creatures vanquished.

Grand Total: 2110 creatures vanquished

Notes
Turn   | Place    | Note
-------+----------+-------------------------------------------
     0 | D:1      | cheesebisquit the Armataur Fighter began the quest for the
                  | Orb.
     0 | D:1      | Reached XP level 1. HP: 19/19 MP: 1/1
    99 | D:1      | Found Qeheco's Antique Weapon Boutique.
   276 | D:1      | Reached XP level 2. HP: 24/26 MP: 2/2
   467 | D:1      | Found Ijaanat's Antique Armour Emporium.
   644 | D:1      | Found Diyzudda's Assorted Antiques.
  1059 | D:2      | Reached XP level 3. HP: 29/32 MP: 3/3
  1124 | D:2      | Found a faded altar of an unknown god.
  1387 | D:2      | Reached XP level 4. HP: 40/40 MP: 4/4
  2556 | D:4      | Noticed a lemure
  2559 | D:4      | Noticed a lemure
  2636 | D:3      | Reached XP level 5. HP: 48/48 MP: 5/5
  2758 | D:4      | Noticed a lemure
  2758 | D:4      | Noticed Pikel
  2762 | D:4      | Noticed a lemure
  2773 | D:3      | Killed a lemure
  2944 | D:3      | Killed Pikel
  2945 | D:3      | Reached skill level 5 in Armour
  2945 | D:3      | Reached skill level 5 in Shields
  2945 | D:3      | Reached XP level 6. HP: 24/55 MP: 6/6
  2945 | D:3      | Reached XP level 7. HP: 28/63 MP: 7/7
  3110 | D:3      | Reached skill level 5 in Maces & Flails
  3223 | D:4      | Found a staircase to the Ecumenical Temple.
  3232 | Temple   | Entered the Ecumenical Temple
  3275 | Temple   | Became a worshipper of Qazlal Stormbringer
  3420 | D:4      | Reached XP level 8. HP: 55/71 MP: 6/8
  3478 | D:4      | Found a radiant altar of Vehumet.
  3701 | D:4      | Found a hide-covered altar of Uskayaw.
  3845 | D:5      | Entered Level 5 of the Dungeon
  4063 | D:5      | Noticed Blork the orc
  4074 | D:5      | Killed Blork the orc
  4135 | D:5      | Found a glowing golden altar of the Shining One.
  4309 | D:5      | Noticed a troll
  4318 | D:5      | Killed a troll
  4319 | D:5      | Reached skill level 5 in Fighting
  4464 | D:5      | Found a sparkling altar of Nemelex Xobeh.
  4602 | D:5      | Found a bloodstained altar of Trog.
  4607 | D:5      | Noticed Grinder
  4618 | D:5      | Killed Grinder
  4887 | D:6      | Found Zin's Purification Station.
  4889 | D:6      | Found a glowing silver altar of Zin.
  4895 | D:6      | Bought a potion of curing for 90 gold pieces
  4933 | D:6      | Identified the ring of Doubts {*Corrode rN+ Str+3 Int+2
                  | Dex+6}
  5089 | D:6      | Reached XP level 9. HP: 79/79 MP: 9/9
  5173 | D:6      | Found a basalt altar of Yredelemnul.
  5270 | D:6      | Found Vuneqoal's Assorted Antiques.
  5278 | D:6      | Bought a scroll of identify for 50 gold pieces
  7068 | D:6      | Bought a cloak for 112 gold pieces
  7068 | D:6      | Bought a scroll labelled IPLALU TALEGA for 25 gold pieces
  7189 | D:1      | Bought a scroll labelled BICIYN PUL IWE for 21 gold pieces
  7189 | D:1      | Bought a scroll labelled HIYDOPROMO for 21 gold pieces
  7565 | D:7      | Reached * piety under Qazlal
  7860 | D:8      | Found a hazy altar of Hepliaklqana.
  8088 | D:7      | Reached ** piety under Qazlal
  8238 | D:8      | Noticed a cyclops
  8249 | D:8      | Killed a cyclops
  8250 | D:8      | Reached XP level 10. HP: 72/89 MP: 7/10
  8346 | D:8      | Found a snail-covered altar of Cheibriados.
  8430 | D:9      | Found a transporter.
  8430 | D:9      | Found a transporter.
  8432 | D:9      | Found a transporter.
  8432 | D:9      | Found a transporter.
  8450 | D:9      | Noticed Joseph
  8463 | D:9      | Killed Joseph
  8549 | D:9      | Found Nuyhyfea's Armour Shop.
  8550 | D:9      | Found a staircase to the Orcish Mines.
  8724 | D:9      | Found Soomac's Weapon Shop.
  8996 | D:9      | Noticed a two-headed ogre
  9222 | D:9      | Identified the +1 ring mail of Tinugo {rElec rPois rF-
                  | MP+9}
  9230 | D:9      | Killed a two-headed ogre
  9231 | D:9      | Noticed Erica
  9244 | D:9      | Killed Erica
  9711 | D:9      | Reached skill level 10 in Maces & Flails
 10035 | D:9      | Reached *** piety under Qazlal
 10042 | D:9      | Reached XP level 11. HP: 95/98 MP: 11/11
 10239 | D:9      | Reached skill level 10 in Armour
 10726 | D:10     | Entered Level 10 of the Dungeon
 10952 | D:1      | Bought a pair of embroidered gloves for 195 gold pieces
 11176 | D:10     | Identified the +2 robe of Distant Worlds {Str+4}
 11240 | D:10     | Noticed a two-headed ogre
 11259 | D:10     | Killed a two-headed ogre
 12138 | D:10     | Got the Almanac of Fascination and the Spider
 12575 | D:11     | Found a staircase to the Lair.
 12631 | D:11     | Noticed a two-headed ogre
 12641 | D:11     | Killed a two-headed ogre
 12738 | D:11     | Noticed a two-headed ogre
 12745 | D:11     | Killed a two-headed ogre
 13328 | D:11     | Found Sosh's Book Shop.
 13685 | D:12     | Reached skill level 10 in Shields
 13798 | D:12     | Noticed Urug
 13820 | D:12     | Killed Urug
 14061 | D:12     | Noticed a red ugly thing
 14075 | D:12     | Killed a red ugly thing
 14311 | D:12     | Noticed a deep elf pyromancer
 14328 | D:12     | Killed a deep elf pyromancer
 14329 | D:12     | Reached XP level 12. HP: 110/110 MP: 6/12
 14402 | D:12     | Identified the +3 robe of Noughts and Crosses {rElec Str+5
                  | Dex+4}
 14537 | D:12     | Noticed a boulder beetle
 14551 | D:12     | Killed a boulder beetle
 14601 | D:12     | Noticed a boulder beetle
 14619 | D:12     | Killed a boulder beetle
 14773 | D:12     | Noticed a boulder beetle
 14786 | D:12     | Killed a boulder beetle
 14917 | D:12     | Noticed a two-headed ogre
 14918 | D:12     | Noticed Nergalle
 14932 | D:12     | Killed a two-headed ogre
 14940 | D:12     | Killed Nergalle
 15020 | D:12     | Noticed Kirke
 15044 | D:12     | Killed Kirke
 15196 | D:12     | Noticed a two-headed ogre
 15205 | D:12     | Killed a two-headed ogre
 15476 | D:1      | Bought a glowing kite shield for 195 gold pieces
 15726 | D:12     | Identified a scroll of acquirement
 15727 | D:12     | Acquired the +3 barding "Rochum" {rPois rC+ Int+2}
 16285 | D:13     | Noticed a centaur warrior
 16328 | D:13     | Noticed a tengu warrior
 16341 | D:13     | Killed a tengu warrior
 16582 | D:13     | Reached **** piety under Qazlal
 16829 | D:13     | Reached XP level 13. HP: 42/119 MP: 0/13
 17135 | D:13     | Found a gate to the Vaults.
 17890 | D:9      | Bought a +2 cloak of preservation for 279 gold pieces
 18170 | Lair:1   | Entered Level 1 of the Lair of Beasts
 18548 | D:11     | Reached skill level 10 in Fighting
 18708 | Lair:1   | Noticed a dire elephant
 18733 | D:11     | Killed a dire elephant
 19585 | Lair:1   | Noticed Fannar
 19603 | Lair:1   | Killed Fannar
 20071 | Lair:1   | Noticed Gastronok
 20089 | Lair:1   | Killed Gastronok
 21393 | Lair:2   | Reached ***** piety under Qazlal
 22067 | Lair:2   | Found a staircase to the Shoals.
 22395 | Lair:2   | Found a large runed translucent door.
 22395 | Lair:2   | Found a large runed translucent door.
 22630 | Lair:2   | Reached XP level 14. HP: 128/130 MP: 6/14
 23172 | Lair:2   | Found a staircase to the Snake Pit.
 23209 | Lair:2   | Noticed frogmoss10's ghost (journeyman HOFi)
 24329 | Lair:3   | You fall into a shaft and drop 2 floors!
 24329 | Lair:5   | Entered Level 5 of the Lair of Beasts
 25044 | Lair:3   | Reached skill level 15 in Maces & Flails
 25081 | Lair:3   | Reached ****** piety under Qazlal
 26362 | Lair:3   | Upgraded the game from 0.30-a0-1043-g60ff8d5f49 to
                  | 0.30-a0-1053-gbd8d5ba0ad
 26732 | D:1      | Bought a potion of haste for 210 gold pieces
 28594 | Lair:5   | Reached skill level 1 in Invocations
 28594 | Lair:5   | Reached XP level 15. HP: 126/139 MP: 12/15
 28764 | Lair:5   | Found a viscous altar of Jiyva.
 28768 | Lair:5   | Found a staircase to the Slime Pits.
 29530 | Orc:1    | Entered Level 1 of the Orcish Mines
 29541 | Orc:1    | Reached skill level 1 in Dodging
 29872 | Orc:1    | You fall into a shaft and drop 1 floor!
 29872 | Orc:2    | Entered Level 2 of the Orcish Mines
 29931 | Orc:2    | Reached skill level 15 in Armour
 30111 | Orc:2    | Found a staircase to the Elven Halls.
 31371 | Orc:2    | Found Yhoamapt's Magic Scroll Emporium.
 31371 | Orc:2    | Found Roec's Distillery.
 31372 | Orc:2    | Found Liol's Armour Shoppe.
 31372 | Orc:2    | Found Zunuoc's Assorted Antiques.
 31402 | Orc:2    | Bought a +3 plate armour of cold resistance for 765 gold
                  | pieces
 31415 | Orc:2    | Bought a potion of heal wounds for 80 gold pieces
 31415 | Orc:2    | Bought a potion of might for 64 gold pieces
 31415 | Orc:2    | Bought a potion of curing for 48 gold pieces
 31415 | Orc:2    | Bought a potion of curing for 48 gold pieces
 31690 | Lair:2   | Killed frogmoss10's ghost
 32736 | D:14     | Paralysed by a floating eye for 2 turns
 32745 | D:14     | Paralysed by a floating eye for 2 turns
 32752 | D:14     | Paralysed by a floating eye for 4 turns
 32878 | D:14     | Reached skill level 5 in Invocations
 33100 | D:14     | Found Bamesch's Elemental Accessories.
 33317 | D:14     | Found a portal to a secret trove of treasure.
 33600 | D:14     | Found Icolit's Antique Armour Boutique.
 33960 | Orc:2    | Bought a potion of magic for 128 gold pieces
 34202 | D:15     | Entered Level 15 of the Dungeon
 34281 | D:15     | Acquired a manual of Shields
 34371 | D:15     | Noticed Rupert
 34391 | D:15     | Killed Rupert
 34399 | D:15     | Reached XP level 16. HP: 125/146 MP: 10/20
 35137 | D:15     | Found a transporter.
 35327 | D:15     | Found a staircase to the Depths.
 35637 | Snake:1  | Entered Level 1 of the Snake Pit
 35760 | Snake:1  | Reached skill level 15 in Shields
 35873 | Snake:1  | Noticed Louise
 35885 | Snake:1  | Killed Louise
 36389 | Snake:1  | Identified the ring of Fianged {*Slow rPois rN+ Will+++
                  | Int+2}
 36810 | Snake:2  | Noticed Aizul
 36924 | Snake:1  | Killed Aizul
 38014 | Snake:2  | Noticed Agnes
 38025 | Snake:2  | Killed Agnes
 38038 | Snake:2  | Noticed Azrael
 38057 | Snake:2  | Killed Azrael
 38178 | Snake:2  | Found Piyt Dyo's Weapon Emporium.
 38180 | Snake:2  | Found Voerob's Book Shoppe.
 38182 | Snake:2  | Found Coufuga's Magic Scroll Emporium.
 38221 | Snake:2  | Bought a scroll of blinking for 82 gold pieces
 38221 | Snake:2  | Bought a scroll of blinking for 82 gold pieces
 38247 | Snake:2  | You fall into a shaft and drop 1 floor!
 38430 | Snake:3  | Reached XP level 17. HP: 148/158 MP: 2/23
 38853 | Snake:3  | Reached skill level 5 in Dodging
 39654 | Snake:3  | Identified the +1 dagger of Nonir {pain, rElec Str-2 Int+2
                  | SInv}
 40740 | Snake:3  | Found an ornate altar of the Wu Jian Council.
 40741 | Snake:3  | Noticed Vashnia
 40776 | Snake:3  | Killed Vashnia
 40777 | Snake:3  | Reached skill level 10 in Invocations
 41213 | Snake:4  | Entered Level 4 of the Snake Pit
 41692 | Snake:4  | Found Ugesat's Assorted Antiques.
 41696 | Snake:4  | Bought a potion of curing for 96 gold pieces
 41696 | Snake:4  | Found Yssirineci's General Store.
 42029 | Snake:4  | Identified the ring of Salvation {rCorr Int+2 SInv}
 42135 | Snake:4  | Reached XP level 18. HP: 106/169 MP: 0/26
 43609 | Snake:4  | Got a serpentine rune of Zot
 44128 | Shoals:1 | Entered Level 1 of the Shoals
 46084 | Shoals:2 | Found a large runed translucent door.
 46084 | Shoals:2 | Found a large runed translucent door.
 46086 | Shoals:2 | Noticed Ceuduph's ghost (adept AtWn)
 46290 | Shoals:2 | Killed Ceuduph's ghost
 47132 | Shoals:3 | Noticed Ilsuiw
 47225 | Shoals:3 | Reached skill level 1 in Throwing
 48246 | Shoals:3 | Killed Ilsuiw
 49080 | Shoals:4 | Entered Level 4 of the Shoals
 49128 | Shoals:4 | Noticed Mara
 49130 | Shoals:4 | Noticed cheesebisquit's illusion
 49153 | Shoals:3 | Reached XP level 19. HP: 155/179 MP: 15/28
 49914 | Shoals:4 | Identified the +6 arbalest of Durein {heavy, MP-9 Str+4}
 50625 | Shoals:4 | Noticed cheesebisquit's illusion
 50651 | Shoals:4 | Noticed cheesebisquit's illusion
 50663 | Shoals:4 | Killed Mara
 51217 | Shoals:4 | Noticed Mlioglotl
 51227 | Shoals:4 | Killed Mlioglotl
 51349 | Shoals:4 | Got a barnacled rune of Zot
 51972 | Shoals:4 | Found Marduk's Dragon-Slaying Spoils.
 53141 | Vaults:1 | Entered Level 1 of the Vaults
 53233 | Vaults:1 | Found Zahej's Assorted Antiques.
 53705 | Vaults:1 | Reached skill level 15 in Fighting
 54210 | Vaults:1 | Identified the +8 falchion "Sigu" {spect, Drain rCorr Int+5
                  | Dex+2}
 54374 | Vaults:1 | You fall into a shaft and drop 1 floor!
 54374 | Vaults:2 | Found Silep's Weapon Shop.
 56391 | Vaults:3 | Reached XP level 20. HP: 139/191 MP: 21/29
 56556 | Vaults:3 | Found a magical portal.
 56565 | WizLab   | Entered Doroklohe's Tomb
 57467 | Vaults:3 | Acquired 836 gold pieces
 58120 | Snake:4  | Bought a scroll of enchant armour for 127 gold pieces
 58120 | Snake:4  | Bought a wand of mindburst (6) for 142 gold pieces
 58120 | Snake:4  | Bought a potion of curing for 51 gold pieces
 58126 | Snake:4  | Bought a potion of brilliance for 128 gold pieces
 58126 | Snake:4  | Bought a potion of might for 128 gold pieces
 58696 | Vaults:3 | Reached skill level 5 in Throwing
 59370 | Vaults:3 | Found a staircase to the Crypt.
 60001 | Vaults:4 | Noticed Jory
 60014 | Vaults:4 | Killed Jory
 60659 | Vaults:4 | Noticed Sojobo
 60667 | Vaults:4 | Paralysed by an air elemental for 1 turns
 60676 | Vaults:4 | Paralysed by an air elemental for 1 turns
 60677 | Vaults:4 | Killed Sojobo
 61048 | Vaults:4 | Identified the +7 plate armour of Amorality {Harm rF++
                  | MP+9}
 61093 | Vaults:4 | Reached XP level 21. HP: 198/202 MP: 22/31
 62750 | Elf:1    | Entered Level 1 of the Elven Halls
 64058 | Elf:1    | Got the Secrets of Attendants
 65293 | Elf:2    | Found a runed translucent gate.
 65294 | Elf:2    | Found a runed translucent gate.
 65294 | Elf:2    | Found a runed translucent gate.
 67023 | Elf:2    | Found the ring of the Octopus King
 67042 | Elf:2    | Identified a ring of the Octopus King {rF+ HP+2 AC+2 EV+2
                  | SH+2}
 68557 | Elf:3    | Entered Level 3 of the Elven Halls
 69989 | Elf:3    | Paralysed by an air elemental for 1 turns
 69991 | Elf:3    | Paralysed by an air elemental for 1 turns
 70160 | Elf:3    | Found Ode Coe's Assorted Antiques.
 70168 | Elf:3    | Bought a scroll of acquirement for 1092 gold pieces
 70168 | Elf:3    | Bought a potion of curing for 63 gold pieces
 70170 | Elf:3    | Acquired the ring "Diare" {rElec rC+}
 71913 | Elf:3    | Reached XP level 22. HP: 214/214 MP: 29/32
 72313 | Elf:3    | Gained mutation: Your magical capacity is low. (-10% MP) [a
                  | neqoxec]
 72602 | Elf:3    | Identified the +4 spear of the Fulmar {vamp, rN+ Will-
                  | rCorr}
 72604 | Elf:3    | Identified the +6 great sword "Angilus" {drain, rF+ rC+
                  | Str-2}
 72604 | Elf:3    | Identified the ring "Wibraija" {rF+ rCorr Int+2}
 73195 | Elf:3    | Identified the ring of Ufaemev {Wiz Int+3}
 73935 | Elf:3    | Got the Encyclopedia of Metamorphosis
 73941 | Elf:3    | Identified the +9 sling "Armataur's Regret" {speed, rC+
                  | Will+ Str+3}
 73955 | Elf:3    | Identified the staff of poison "Meafid" {rElec rPois rF++
                  | Int-3}
 73977 | Elf:3    | Got the Secrets of Corpses
 74317 | Depths:1 | Entered Level 1 of the Depths
 74601 | Depths:1 | Found an ancient bone altar of Kikubaaqudgha.
 74928 | Depths:1 | Found a one-way gate leading to the halls of Pandemonium.
 76296 | Depths:1 | Found a gateway to Hell.
 76616 | Depths:1 | Reached skill level 10 in Dodging
 76821 | Depths:1 | Noticed a golden dragon
 76839 | Depths:1 | Killed a golden dragon
 77750 | Depths:1 | Identified the +11 shortbow "Korab" {elec, rCorr}
 79024 | Depths:2 | Identified the +5 chain mail "Woll" {Str+2 SInv}
 79750 | Depths:2 | Found Veptudet's Antique Weapon Shoppe.
 80485 | Depths:2 | Identified the +6 short sword "Ycreosm" {flame, rCorr}
 81604 | Depths:3 | Identified the +0 leather armour of Untold Secrets {rElec
                  | rC+ Str-3 Dex+4}
 81651 | Depths:3 | Found a one-way gateway to a ziggurat.
 82018 | Depths:3 | Found a one-way gate to the infinite horrors of the Abyss.
 82267 | Depths:3 | You fall into a shaft and drop 1 floor!
 82267 | Depths:4 | Entered Level 4 of the Depths
 82288 | Depths:3 | Learned a level 2 spell: Passwall
 82567 | Depths:3 | Reached skill level 1 in Transmutations
 82568 | Depths:3 | Reached skill level 1 in Earth Magic
 82570 | Depths:3 | Reached skill level 1 in Spellcasting
 83337 | Depths:4 | Reached XP level 23. HP: 186/224 MP: 26/30
 85871 | Depths:4 | Found a gate to the Realm of Zot.
 86245 | Vaults:5 | Entered Level 5 of the Vaults
 86247 | Vaults:5 | Noticed Margery
 86249 | Vaults:5 | Reached skill level 5 in Transmutations
 86249 | Vaults:5 | Reached skill level 5 in Earth Magic
 86514 | Vaults:5 | Reached skill level 5 in Spellcasting
 86522 | Vaults:4 | Killed Margery
 86889 | Vaults:5 | Noticed a dread lich
 87065 | Vaults:5 | Killed a dread lich
 88686 | Vaults:5 | Identified the staff of air "Tenk" {Drain rElec rPois rC+
                  | Str+3}
 88926 | Vaults:5 | Identified the +0 leather armour of Poor Excuses {Harm
                  | Regen+}
 89130 | Vaults:5 | Identified the +1 robe of the Mangosteen {rElec rF+ Slay-2}
 89172 | Vaults:5 | Identified the staff of conjuration "Xyn Mayt" {Drain
                  | Int+6}
 89199 | Vaults:5 | Reached skill level 15 in Invocations
 90206 | Vaults:5 | Identified the ring of the King {Fly rElec Str+6}
 90288 | Vaults:5 | Got a silver rune of Zot
 90889 | Zot:1    | Entered Level 1 of the Realm of Zot
 91072 | Zot:1    | Reached XP level 24. HP: 212/233 MP: 30/30
 92908 | Shoals:4 | Bought the +0 gold dragon scales of the Robin {rPois rF+
                  | rC+ rN+ Will++ Dex+2 Stlth+} for 2170 gold pieces
 94194 | Zot:2    | Found a transporter.
 94316 | Zot:2    | Found a transporter.
 95322 | Zot:2    | You are sucked into a shaft and drop 2 floors!
 95384 | Zot:3    | HP: 8/232 [storm dragon/bolt of lightning (13)]
 95385 | Zot:3    | Killed from afar by a storm dragon

Illustrated notes

Levels and vault maps discovered:
D:1:      sevenhm_arrival_forest_fort_large_4, layout_basic, serial_shops, shop,
          shop, nicolae_shop_behind_doors
D:2:      layout_basic, ebering_ecumenical_altar_hall
D:3:      layout_loops_ring, kennysheep_generic_room_8
D:4:      layout_rooms, nicolae_uskayaw_dance_hall, vehumet_statue,
          minmay_temple_entry_purple_smoke, columned_hall_lemuel, uniq_pikel
D:5:      nicolae_cairo_tiling, layout_basic, mainiacjoe_overflow_tiny_flanked,
          mainiacjoe_overflow_brackets, nemelex_dance_club_becter, uniq_grinder,
          uniq_blork_the_orc
D:6:      layout_loops_ring, zin_purify, mainiacjoe_overflow_six_doors_small,
          serial_shops, nicolae_shop_statue_plus, grunt_ministairs_13,
          grunt_decor_arrowhead
D:7:      layout_cave_pods
D:8:      layout_rooms, slow_altar_1, kennysheep_mini_moat, eino_tiny_chamber
D:9:      statuecave_lemuel, layout_loops_ring, orc_david_3, special_room
          [special_room_kobold], serial_rivers, chequers_serial_rivers_large_a,
          chequers_serial_rivers_marsh, chequers_serial_rivers_micro_c,
          chequers_serial_rivers_micro_d, chequers_serial_rivers_micro_e,
          nicolae_diode_quadrants, uniq_erica, uniq_joseph
D:10:     layout_loops_cross
D:11:     layout_grid_maze, lair_entry_dummy, serial_shops, shop,
          minmay_quadrilaterals
D:12:     layout_stronghold, gauntlet_entry_generic, st_stairs_3,
          serial_bayou_ford_a, uniq_kirke, uniq_urug, uniq_nergalle
D:13:     layout_long_grid, hangedman_vaults_entry_quadrant_bands,
          nicolae_straight_to_the_point
D:14:     kennysheep_funnel, layout_gridville, special_room [special_room_orc],
          serial_shops, nicolae_shop_hallway_plus, trove_entry_hex_spiral,
          hangedman_decor_points, nicolae_elemental_shop
D:15:     grunt_enter_depths_snipers, layout_basic, hangedman_decor_push,
          nicolae_diode_basic, uniq_rupert
Temple:   nicolae_temple_god_jail
Lair:1:   layout_cave_pods, serial_bayou_lagoon_a, nicolae_lair_grazing_beasts
          [nicolae_sub_lair_graze_edge, nicolae_sub_lair_graze_edge,
          nicolae_sub_lair_graze_edge, nicolae_sub_lair_graze_edge],
          lemuel_fruit_fields, lemuel_fruit_fields, uniq_gastronok, uniq_fannar
Lair:2:   lemuel_reptile_caves, layout_cellular_growth,
          elwin_shoals_entry_rocks, nicolae_snake_entry_squirm,
          ebering_ghost_disaster_area, grunt_megastairs_5,
          infiniplex_staircase_pool
Lair:3:   layout_small_grid, infiniplex_staircase_pool_2
Lair:4:   layout_gridlike, minmay_lair_oklob_bushes, grunt_megastairs_4
Lair:5:   minmay_lair_end_frog_pond, layout_regular_city,
          dpeg_slime_entry_corner, portal_ice_cave_entry_pillars_2
Shoals:1: layout_shoals
Shoals:2: layout_shoals, ebering_ghost_disaster_area,
          nicolae_shoals_lost_giant_amphitheater, nicolae_splish_splash
Shoals:3: layout_shoals, uniq_ilsuiw
Shoals:4: shoals_end_grunt_ice, layout_shoals, nicolae_shop_dragon_depot,
          nicolae_shoals_siren_and_animal_friends, uniq_mara, uniq_mlioglotl
Snake:1:  layout_basic, uniq_louise
Snake:2:  nicolae_snake_shooting_gallery, layout_gridlike, drop_trap,
          guppyfry_library_mini, minmay_shop_star, uniq_agnes, uniq_aizul,
          uniq_azrael
Snake:3:  layout_grid_maze, basic_altar, grunt_ministairs_8,
          nicolae_snake_springs, grunt_megastairs_2, nicolae_triple_integral,
          uniq_vashnia
Snake:4:  grunt_snake_rune_spirals, layout_onion_interference,
          nicolae_snake_gridmaze_swirls, nicolae_snake_storage_room,
          minmay_shoptagon
Orc:1:    layout_caves
Orc:2:    st_orc_pillars, layout_diamond_mine
Elf:1:    eino_elf_arrival_shootout, layout_rooms, minmay_elf_demonology,
          grunt_ministairs_15, drop_trap, hex_intersection
Elf:2:    nicolae_elf_blades_splatter_lattice
          [nicolae_blade_entry_crossed_weapons], layout_loops_cross, st_stairs_7
Elf:3:    minmay_elf_hall_x, layout_loops_corners, serial_shops,
          nicolae_shop_behind_doors
Vaults:1: hangedman_vaults_maws, ontoclasm_vaults_fault,
          ontoclasm_vaults_gallery, ontoclasm_vaults_hangar,
          nicolae_vaults_specimen_jars, vaults_room_pool,
          grunt_vaults_trifunnel, vaults_room_corners, layout_vaults_big_room,
          serial_shops, shop
Vaults:2: st_hourglassy, ontoclasm_vaults_idyll,
          nicolae_vaults_inception_scallops, nicolae_vaults_little_ls,
          layout_vaults_omnigrid, serial_shops, shop
Vaults:3: mu_enter_wizlab_4, hangedman_vaults_cutoff,
          grunt_vaults_hallway_short, hangedman_vaults_hat,
          nicolae_vaults_ninety_degrees, nicolae_vaults_little_squares_3,
          nicolae_vaults_octagons, nicolae_vaults_little_squares_5, v_misc_16,
          blue_anna_dwarven_crypt, v_misc_27, v_misc_18,
          hangedman_vaults_corner, ontoclasm_vaults_shuriken,
          nicolae_vaults_rhombus_6, layout_vaults_maze_bifur
Vaults:4: nicolae_vaults_big_angled_halls, vaults_room_hangedman_quadrants,
          nicolae_vaults_shelves_hall, nicolae_vaults_network_s,
          hangedman_vaults_pinch, nicolae_vaults_big_angled_halls, v_rooms_5,
          dpeg_vaults_monster_box, ontoclasm_vaults_chip,
          hangedman_vaults_stitches, vaults_room_pools, vaults_room_hallway,
          layout_vaults_omnicross, uniq_jory, uniq_sojobo
Vaults:5: serial_shops, uniq_margery
Depths:1: evilmike_diamond_1, layout_gridville, pan_entry,
          amcnicky_mini_rare_corridor_liquid, grunt_hell_entry_dis_grunt,
          lemuel_zombie_altar_kikubaaqudgha
Depths:2: kennysheep_cluttered_fort, layout_basic, rand_demon_pan_entry_4,
          hell_entry, serial_shops, nicolae_shop_temple_entry_statues_fountains,
          infiniplex_staircase_pillars_3a
Depths:3: hangedman_elemental_death_ray, layout_twisted_cross, enter_ziggurat_f,
          abyss_entry_glasseish, hangedman_coc_ice_floe, rand_demon_pan_entry_7,
          minmay_staircase_statues, serial_bayou_shore_b
Depths:4: grunt_zot_entry_gee_three, layout_cross, hell_entry, abandoned_shop,
          serial_bayou_shore_b
Zot:1:    layout_gridville
Zot:2:    layout_basic, nicolae_diode_stairs
Zot:3:    infiniplex_zot_generator, layout_onion
Zot:4:    layout_onion_interference, basic_altar, hangedman_zot_decor_tridents

Skill      XL: |  1  2  3  4  5  6  7  8  9 10 11 12 13 14 15 16 17 18 19 20 21 22 23 24 |
---------------+-------------------------------------------------------------------------+-----
Maces & Flails | 2 3 4 5 7 8 10 11 13 14 15 16 17 18 19 | 19.6
Fighting       | 3 4 5 6 7 8 9 10 11 12 13 14 15 16 17 18 | 18.6
Armour         | 4 5 6 7 8 9 11 12 13 14 15 16 17 18 19 20 21 | 21.0
Shields        | 4 5 6 7 9 10 11 12 13 14 15 17 18 19 20 21 | 21.3
Invocations    | 1 5 8 10 12 13 14 15 | 15.8
Dodging        | 3 4 6 7 8 9 10 11 | 11.4
Throwing       | 1 4 6 7 8 9 |  9.4
Transmutations | 2 8 |  8.0
Earth Magic    | 2 8 |  8.0
Spellcasting   | 2 5 |  5.4

Action                     |  1- 3 |  4- 6 |  7- 9 | 10-12 | 13-15 | 16-18 | 19-21 | 22-24 || total
---------------------------+-------+-------+-------+-------+-------+-------+-------+-------++-------
  Melee: Flail             |   118 |   140 |       |       |       |       |       |       ||   258
         Tailslap          |     8 |    10 |    62 |   122 |   403 |   334 |   296 |   355 ||  1590
         Whip              |       |       |   375 |   632 |  1759 |       |       |       ||  2766
         Morningstar       |       |       |       |       |    48 |   187 |       |       ||   235
         Eveningstar       |       |       |       |       |       |  1478 |  1630 |  1469 ||  4577
  Throw: Boomerang         |       |    18 |    16 |       |     1 |    92 |   379 |   209 ||   715
         Javelin           |       |     1 |    14 |     3 |     7 |       |       |       ||    25
         Throwing net      |       |       |     1 |       |       |     1 |       |       ||     2
         Dart              |       |       |     1 |   115 |   161 |    50 |       |    18 ||   345
 Invoke: Upheaval          |       |       |       |     1 |     1 |       |       |       ||     2
         Elemental Force   |       |       |       |       |       |       |     1 |       ||     1
         Disaster Area     |       |       |       |       |       |       |     5 |     8 ||    13
  Evoke: Wand              |       |       |       |     1 |     3 |       |       |     1 ||     5
    Use: Potion            |       |     4 |    10 |     5 |     9 |    14 |    13 |    15 ||    70
         Scroll            |       |       |    10 |    11 |    23 |     4 |    25 |    13 ||    86
   Stab: Invisible         |       |       |     2 |       |       |       |       |       ||     2
         Confused          |       |       |       |       |     5 |       |       |       ||     5
         Petrifying        |       |       |       |       |     2 |       |       |       ||     2
         Petrified         |       |       |       |       |     2 |       |       |       ||     2
 Armour: Scale mail        |    80 |    58 |       |       |       |       |       |       ||   138
         Chain mail        |       |    14 |   128 |       |       |       |       |       ||   142
         Plate armour      |       |       |    20 |   174 |   441 |   719 |   730 |    55 ||  2139
         Gold dragon scale |       |       |       |       |       |       |       |   775 ||   775
  Dodge: Dodged            |    53 |    50 |   101 |    57 |    65 |   192 |   179 |   207 ||   904
         Repelled          |       |       |       |       |     2 |    42 |    12 |    15 ||    71
  Block: Buckler           |    32 |    37 |    92 |   170 |       |       |       |       ||   331
         Reflection        |       |       |       |    17 |     4 |    48 |   107 |    42 ||   218
         Kite shield       |       |       |       |   145 |  1011 |   876 |       |       ||  2032
         Tower shield      |       |       |       |       |       |  1153 |  2067 |  1796 ||  5016

Table legend: (Time is in decaauts)
 A = Elapsed time spent in this place.
 B = Non-inter-level travel time spent in this place.
 C = Inter-level travel time spent in this place.
 D = Time resting spent in this place.
 E = Time spent auto-exploring this place.
 F = Levels seen in this place.
 G = Mean time per level.
                   A        B        C        D        E       F      G
               +--------+--------+--------+--------+--------+-----+--------+
         Total |  93739 |  80963 |  12776 |  23596 |  43383 |  48 | 1952.9 |
       Dungeon |  25203 |  18529 |   6674 |   1000 |  14238 |  15 | 1680.2 |
        Temple |     53 |     36 |     17 |      0 |     24 |   1 |   53.0 |
          Lair |  10429 |   8779 |   1650 |    948 |   6277 |   5 | 2085.8 |
        Shoals |   7643 |   6893 |    750 |   1608 |   3872 |   4 | 1910.8 |
     Snake Pit |   8526 |   7619 |    907 |    661 |   4760 |   4 | 2131.5 |
  Orcish Mines |   2108 |   1688 |    420 |    201 |   1138 |   2 | 1054.0 |
   Elven Halls |  11286 |  10969 |    317 |   7171 |   2525 |   3 | 3762.0 |
        Vaults |  12443 |  11444 |    999 |   3780 |   5739 |   5 | 2488.6 |
        Depths |  11644 |  10822 |    822 |   6275 |   3224 |   4 | 2911.0 |
           Zot |   3713 |   3495 |    218 |   1949 |   1011 |   4 |  928.2 |
        Wizlab |    686 |    686 |      0 |      0 |    574 |   1 |  686.0 |
               +--------+--------+--------+--------+--------+-----+--------+

Top non-repeatable levels by time:
   Elf:3: 4855 daAuts
   Elf:2: 4064 daAuts
Vaults:4: 3791 daAuts
Depths:1: 3462 daAuts
Depths:2: 3300 daAuts
     D:9: 3283 daAuts
Depths:4: 3243 daAuts
Vaults:5: 3090 daAuts
  Lair:2: 3031 daAuts
  Lair:1: 2904 daAuts
    D:11: 2557 daAuts
 Snake:3: 2547 daAuts
 Snake:4: 2499 daAuts
Shoals:4: 2496 daAuts
    D:12: 2404 daAuts
